 Dungeon Crawl Stone Soup version 0.26-a0-215-g1b87330c0f (webtiles) character file.

Game seed: 14733898023954149756

221 BritishOli the Ducker (level 5, -18/41 HPs)
             Began as a Demonspawn Gladiator on July 6, 2020.
             Demolished by an ogre
             ... wielding a +0 giant club
              (20 damage)
             ... on level 4 of the Dungeon.
             The game lasted 00:02:55 (2596 turns).

BritishOli the Ducker (Demonspawn Gladiator)        Turns: 2596, Time: 00:02:56

Health: -18/41     AC:  8    Str: 15    XL:     5   Next: 65%
Magic:  0/5        EV: 11    Int:  9    God:
Gold:   137        SH:  0    Dex: 15    Spells: 4/4 levels left

rFire    . . .     SeeInvis .   a - +0 long sword
rCold    . . .     Faith    +   (no shield)
rNeg     + . .     Spirit   +   e - +0 scale mail
rPois    .         Reflect  .   (helmet restricted)
rElec    .         Harm     .   (no cloak)
rCorr    .                      s - +0 pair of gloves
MR       .....                  g - +0 pair of boots
Stlth    ..........             c - amulet of faith
HPRegen  0.13/turn              o - ring of positive energy
MPRegen  0.09/turn              (no ring)

@: lethally poisoned (-18 -> -39)
A: antennae 2, magic shield
a: no special abilities


You were on level 4 of the Dungeon.
You were not hungry.

You visited 1 branch of the dungeon, and saw 4 of its levels.

You collected 137 gold pieces.

Inventory:

Hand Weapons
 a - a +0 long sword (weapon)
Missiles
 d - 3 throwing nets (quivered)
Armour
 e - a +0 scale mail (worn)
 g - a +0 pair of boots (worn)
 s - a +0 pair of gloves (worn)
Jewellery
 c - an amulet of faith (around neck)
 o - a ring of positive energy (left hand)
Wands
 h - a wand of paralysis (12)
Scrolls
 k - 5 scrolls of identify {unknown}
 m - 3 scrolls of noise {unknown}
 n - a scroll of amnesia {unknown}
 p - a scroll of remove curse
 q - a scroll of teleportation {unknown}
 t - a scroll of magic mapping {unknown}
Potions
 b - a potion of invisibility {unknown}
 i - 2 potions of mutation {unknown}
 j - a potion of resistance {unknown}
 l - a potion of curing {unknown}
 r - a potion of stabbing {unknown}
Comestibles
 f - 3 rations


   Skills:
 + Level 3.1 Fighting
 + Level 3.4 Long Blades
 + Level 2.8 Throwing
 + Level 2.0 Armour
 + Level 3.5 Dodging


You had 4 spell levels left.
You didn't know any spells.
Your spell library was empty.

Dungeon Overview and Level Annotations

Branches:
Dungeon (4/15)             Temple (0/1) D:4

Altars:
Dithmenos
Wu Jian


Innate Abilities, Weirdness & Mutations

You have a pair of antennae on your head.
When hurt, damage is shared between your health and your magic reserves.


Message History

You closely miss the worker ant.
The worker ant is heavily wounded.
You feel sick. The worker ant bites you.
You are lethally poisoned!
The worker ant poisons you!
The ogre hits you with a +0 giant club!!
* * * LOW HITPOINT WARNING * * *
The worker ant closely misses you.
You are too injured to fight recklessly!
Unknown command.
You are too injured to fight recklessly!
Unknown command.
You are too injured to fight recklessly!
You hit the worker ant.
The worker ant is heavily wounded.
* * * LOW HITPOINT WARNING * * *
You feel very sick. The worker ant closely misses you.
The ogre hits you with a +0 giant club!!
You die...

#..## .#
###.######### ..
#...........##
#...#.#.#.#.#.#.#
##.....^........##
#.#.#.#.#.#.#.#.#
#..............[#
.#.#.#.#.#.#.#.#..
.........@......%
#.#.#.#a#O#.#.#.
........ .......
#.#.#.# #.#.#.#
...... .. ... .#
#.# #.# #. .. ..
#.# #.#


You could see an ogre and a worker ant.

Vanquished Creatures
  A scorpion (D:4)
  An iguana (D:4)
  A worker ant (D:4)
  A hound skeleton (D:4)
  4 adders (D:3)
  An ooze (D:1)
  2 worms (D:3)
  2 dart slugs (D:1)
  A leopard gecko (D:1)
  2 orcs (D:3)
  7 bats
  6 giant cockroaches
  5 goblins
  6 hobgoblins
  3 jackals (D:3)
  7 frilled lizards
  8 kobolds
  4 rats
62 creatures vanquished.

Notes
Turn   | Place    | Note
-------+----------+-------------------------------------------
     0 | D:1      | BritishOli the Demonspawn Gladiator began the quest for the
                  | Orb.
     0 | D:1      | Reached XP level 1. HP: 16/16 MP: 1/1
   109 | D:1      | Gained mutation: You have a pair of small antennae on your
                  | head. [demonic ancestry]
   109 | D:1      | Reached XP level 2. HP: 21/22 MP: 2/2
   360 | D:1      | Gained mutation: When hurt, damage is shared between your
                  | health and your magic reserves. [demonic ancestry]
   360 | D:1      | Reached XP level 3. HP: 27/28 MP: 3/3
   492 | D:1      | Reached skill level 1 in Armour
  1813 | D:3      | Found a shadowy altar of Dithmenos.
  1851 | D:3      | Reached XP level 4. HP: 31/34 MP: 2/4
  2463 | D:4      | Gained mutation: You have a pair of antennae on your head.
                  | [demonic ancestry]
  2463 | D:4      | Reached XP level 5. HP: 41/41 MP: 5/5
  2486 | D:4      | Found a staircase to the Ecumenical Temple.
  2506 | D:4      | Found an ornate altar of the Wu Jian Council.
  2589 | D:4      | Noticed an ogre
  2596 | D:4      | HP: 2/41 [poisoned by a worker ant]
  2596 | D:4      | Demolished by an ogre

Illustrated notes

Levels and vault maps discovered:
D:1:      evilmike_arrival_plus, layout_basic
D:2:      layout_loops_corners, minivault_14, minmay_stone_trees_small
D:3:      layout_rooms, cheibrodos_sewer_entry_bend, first_ration,
          nicolae_dithmenos_shadow_blocks
D:4:      layout_cave_pods, lemuel_crystal_altar, minmay_temple_entry_wispy,
          hex_large, uniq_menkaure

Skill      XL: |  1  2  3  4  5 |
---------------+----------------+-----
Throwing       | 2 |  2.8
Long Blades    | 3 |  3.4
Dodging        | 3 |  3.5
Armour         | 1 2 |  2.0
Fighting       | 3 |  3.1

Action                   |  1- 3 |  4- 6 || total
-------------------------+-------+-------++-------
Melee: Long sword        |   111 |    70 ||   181
  Use: Scroll            |     1 |       ||     1
  Eat: Ration            |     1 |     1 ||     2
Armor: Leather armour    |     7 |       ||     7
       Scale mail        |    64 |    30 ||    94
Dodge: Dodged            |    67 |    64 ||   131
       Rpst.: Long sword |    21 |    20 ||    41

Table legend:
 A = Non-vault XP
 B = Vault XP
 C = Vault XP percentage of total XP
 D = Non-vault monster count
 E = Vault monster count
 F = Vault count percentage of total count
                 A         B        C        D         E       F
            +---------+---------+-------+---------+---------+-------
      Total |     311 |       5 |   1.6 |      61 |       1 |   1.6
            +---------+---------+-------+---------+---------+-------
        D:1 |      52 |       0 |   0.0 |      26 |       0 |   0.0
        D:2 |      16 |       0 |   0.0 |      10 |       0 |   0.0
        D:3 |      85 |       5 |   5.6 |      21 |       1 |   4.5
        D:4 |     158 |       0 |   0.0 |       4 |       0 |   0.0
            +---------+---------+-------+---------+---------+-------
